 Dungeon Crawl Stone Soup version 0.29-a0-283-ga02f740833 (webtiles) character file.

Game seed: 6057783607429092777

77 Aksej the Cutter (level 4, 0/34 HPs)
             Began as a Demonspawn Gladiator on Mar 13, 2022.
             Slain by a frilled lizard (1 damage)
             ... on level 2 of the Dungeon.
             The game lasted 00:03:29 (1839 turns).

Aksej the Cutter (Demonspawn Gladiator)             Turns: 1839, Time: 00:03:30

Health: 0/34       AC:  0    Str: 18    XL:     4   Next: 13%
Magic:  4/4        EV: 13    Int:  9    God:
Gold:   31         SH:  0    Dex: 22    Spells: 3/3 levels left

rFire   . . .      SeeInvis .   a - +0 rapier
rCold   . . .      Faith    .   (no shield)
rNeg    . . .      Spirit   .   b - +0 leather armour
rPois   .          Reflect  .   i - -4 helmet "Ugueps" {rElec Will- Str+3 Dex+6}
rElec   +          Harm     .   (no cloak)
rCorr   .          Rampage  .   (no gloves)
Will    .....                   (no boots)
Stlth   ++........              (no amulet)
HPRegen 0.11/turn               (no ring)
MPRegen 0.18/turn               (no ring)

@: hasted, very quick
A: magic regeneration
a: no special abilities


You were on level 2 of the Dungeon.
You visited 1 branch of the dungeon, and saw 2 of its levels.

You collected 31 gold pieces.

Inventory:

Hand Weapons
 a - a +0 rapier (weapon)
Missiles
 d - 3 throwing nets (quivered)
 e - a javelin
Armour
 b - a +0 leather armour (worn)
 c - a +0 helmet
 i - the -4 helmet "Ugueps" (worn) {rElec Will- Str+3 Dex+6}
   (You acquired it on level 1 of the Dungeon)

   Str:       It affects your strength (+3).
   Dex:       It affects your dexterity (+6).
   rElec:     It insulates you from electricity.
   Will:      It decreases your willpower.
Potions
 h - a potion of lignification {unknown}
 k - a potion of curing {unknown}


   Skills:
 * Level 2.9 Fighting
 + Level 3.5 Short Blades
 + Level 1.8 Throwing
 + Level 0.5 Armour
 + Level 3.2 Dodging
 + Level 0.2 Stealth


You had 3 spell levels left.
You didn't know any spells.
Your spell library was empty.

Dungeon Overview and Level Annotations

Branches:
Dungeon (2/15)

Altars:
The Shining One

Shops:
D:2 =

Annotations:
D:2 Sigmund


Innate Abilities, Weirdness & Mutations

You regenerate magic rapidly.


Message History

Some rock shatters into small pieces.
Okay, then.
As you read the scroll labelled SURUCL MIVU, it crumbles to dust.
It is a scroll of identify.
g - a potion of haste Sigmund gestures at you while chanting.
You are confused.
Found a stone staircase leading down.
Sigmund gestures at you while chanting. The magic dart hits you.
A rat comes into view.
Sigmund zaps a wand.
You hear a grinding noise.
The now-empty wand crumbles to dust.
A frilled lizard comes into view.
The frilled lizard hisses angrily.
You bump into the rock wall.
You're too confused to move!
The frilled lizard bites you.
You're too confused to move!
The frilled lizard bites you. The rat closely misses you.
You bump into the rock wall.
You feel less confused. The frilled lizard barely misses you.
The rat closely misses you.
You barely miss the frilled lizard. The rat bites you.
The frilled lizard closely misses you.
Sigmund points at you and mumbles some strange words.
You resist with significant effort.
You feel yourself speed up. The rat closely misses you.
The frilled lizard barely misses you.
You barely miss the frilled lizard.
Sigmund hits you from afar with a +0 scythe!
The rat bites you. The frilled lizard barely misses you.
You closely miss the frilled lizard. You barely miss Sigmund.
Sigmund hits you with a +0 scythe!
* * * LOW HITPOINT WARNING * * *
The rat barely misses you. The frilled lizard barely misses you.
You hit Sigmund but do no damage. You completely miss Sigmund.
The rat closely misses you. The frilled lizard bites you.
You die...

....##..# ####.##.######
.......######.##.# #..
.............##.# #..
#...............####..
..##.##..#......##.......
......#..#.###..##.####..
..........)..............
..#..#r#..###..#######..
..>....l@................
####..#.@................
#..#.#..#.#.####...... #.
..#..).............
#..#.#..#.#.......####
#..#....#.#....... # #.
#..... . ..... # #.
#...... . ..# # #


You could see Sigmund, a frilled lizard and a rat.

Vanquished Creatures
  Jessica (D:2)
  An adder (D:2)
  A dart slug (D:1)
  4 bats (D:1)
  7 endoplasms
  2 giant cockroaches (D:1)
  A goblin (D:1)
  2 hobgoblins
  7 jackals (D:1)
  4 ball pythons
  A frilled lizard (D:1)
  3 rats (D:1)
34 creatures vanquished.

Notes
Turn   | Place    | Note
-------+----------+-------------------------------------------
     0 | D:1      | Aksej the Demonspawn Gladiator began the quest for the Orb.
     0 | D:1      | Reached XP level 1. HP: 16/16 MP: 1/1
   174 | D:1      | Gained mutation: You regenerate magic rapidly. [demonic
                  | ancestry]
   174 | D:1      | Reached XP level 2. HP: 18/22 MP: 2/2
   658 | D:1      | HP: 1/22 [jackal (3)]
  1113 | D:1      | Reached XP level 3. HP: 28/28 MP: 3/3
  1345 | D:1      | Identified a scroll of acquirement
  1345 | D:1      | Acquired the -4 helmet "Ugueps" {rElec Will- Str+3 Dex+6}
  1400 | D:2      | Found Wure Royny's Jewellery Boutique.
  1815 | D:2      | Noticed Jessica
  1819 | D:2      | Killed Jessica
  1820 | D:2      | Reached XP level 4. HP: 34/34 MP: 4/4
  1821 | D:2      | Noticed Sigmund
  1837 | D:2      | HP: 1/34 [Sigmund/+0 scythe (11)]
  1839 | D:2      | Slain by a frilled lizard

Illustrated notes

Levels and vault maps discovered:
D:1:      lemuel_arrival_hallway, layout_basic, roderic_roman_lattice
D:2:      layout_basic, serial_shops, nicolae_shop_waterfront, basic_altar,
          uniq_jessica, uniq_sigmund

Skill      XL: |  1  2 |
---------------+-------+-----
Dodging        | 3 |  3.2
Short Blades   | 3 |  3.5
Fighting       | |  2.9
Throwing       | |  1.8
Armour         | |  0.5
Stealth        | |  0.2

Action                   |  1- 3 |  4- 6 || total
-------------------------+-------+-------++-------
Melee: Rapier            |   106 |     6 ||   112
       Punch             |     3 |       ||     3
  Use: Scroll            |     2 |     1 ||     3
       Potion            |       |     2 ||     2
 Stab: Sleeping          |     2 |       ||     2
Armor: Leather armour    |    42 |       ||    42
Dodge: Dodged            |    89 |    10 ||    99

Table legend: (Time is in decaauts)
 A = Elapsed time spent in this place.
 B = Non-inter-level travel time spent in this place.
 C = Inter-level travel time spent in this place.
 D = Time resting spent in this place.
 E = Time spent auto-exploring this place.
 F = Levels seen in this place.
 G = Mean time per level.
                   A        B        C        D        E       F      G
               +--------+--------+--------+--------+--------+-----+--------+
         Total |   1842 |   1813 |     29 |      0 |   1527 |   2 |  921.0 |
       Dungeon |   1842 |   1813 |     29 |      0 |   1527 |   2 |  921.0 |
               +--------+--------+--------+--------+--------+-----+--------+

Top non-repeatable levels by time:
     D:1: 1391 daAuts
     D:2: 451 daAuts
